 Dungeon Crawl Stone Soup version 0.22-a0-93-g6b88ebb (webtiles) character file.

130 KristoblXynda the Ruffian (level 4, -2/38 HPs)
             Began as a Draconian Monk on Jan 24, 2018.
             Was an Initiate of Gozag.
             Slain by wazuzu's ghost (4 damage)
             ... on level 3 of the Dungeon.
             The game lasted 00:03:08 (2256 turns).

KristoblXynda the Ruffian (Draconian Monk)          Turns: 2256, Time: 00:03:09

Health: -2/38      AC:  5    Str: 19    XL:     4   Next: 90%
Magic:  4/4        EV: 14    Int: 11    God:    Gozag
Gold:   273        SH:  0    Dex: 13    Spells: 3/3 levels left

rFire    . . .     SeeInvis .     - Unarmed
rCold    . . .     Gourm    .   (no shield)
rNeg     . . .     Faith    .   (armour unavailable)
rPois    .         Spirit   .   (helmet restricted)
rElec    .         Reflect  .   (no cloak)
rCorr    .         Harm     .   (no gloves)
MR       .....                  (no boots)
Stlth    ++........             (no amulet)
HPRegen  0.12/turn              (no ring)
MPRegen  0.09/turn              (no ring)

@: mighty
A: unfitting armour, cold-blooded, AC +5
a: Potion Petition, Call Merchant, Bribe Branch, Renounce Religion


You were on level 3 of the Dungeon.
You worshipped Gozag.
Gozag was aware of your devotion.
You were not hungry.

You visited 1 branch of the dungeon, and saw 3 of its levels.

You collected 273 gold pieces.

Inventory:

Scrolls
 b - a scroll of amnesia {unknown}
 c - a scroll of noise {unknown}
 g - a scroll of teleportation {unknown}
 h - a scroll of random uselessness {unknown}
 j - a scroll of remove curse {unknown}
Potions
 d - 2 potions of might
 e - a potion of curing {unknown}
 f - a potion of magic
 i - a potion of brilliance {unknown}
Comestibles
 a - 2 rations


   Skills:
 - Level 3.2 Fighting
 + Level 3.9 Dodging
 - Level 1.7 Stealth
 * Level 4.6 Unarmed Combat


You had 3 spell levels left.
You didn't know any spells.

Dungeon Overview and Level Annotations

Branches:
Dungeon (3/15)

Altars:
Gozag

Annotations:
D:3 wazuzu's ghost, amateur DsGl


Innate Abilities, Weirdness & Mutations

Your plain brown scales are hard. (AC +5)
You cannot fit into any form of body armour.
You are cold-blooded and may be slowed by cold attacks.


Message History

You hit wazuzu's ghost but do no damage.
You tail-slap wazuzu's ghost.
Wazuzu's ghost is severely damaged.
Wazuzu's ghost hits you.
You completely miss wazuzu's ghost.
Wazuzu's ghost is severely damaged.
Wazuzu's ghost hits you!
You barely miss wazuzu's ghost.
Wazuzu's ghost is severely damaged.
Wazuzu's ghost hits you.
* * * LOW HITPOINT WARNING * * *
You hit wazuzu's ghost but do no damage.
You tail-slap wazuzu's ghost.
Wazuzu's ghost is severely damaged.
Wazuzu's ghost hits you.
* * * LOW HITPOINT WARNING * * *
It was a potion of magic.
Magic courses through your body. Wazuzu's ghost hits you.
You die...
Your body crumbles into a pile of gold.

#.....# #......+......#
#.....# ########......#
#.....# #......#
######.##### #..>...#
#..........##########......#
#....................###.###
#..<.......#########.#
#..........##### #.#
#..........@W..# #.#
#..........###.# #.#
#..........###.# #.#
#########......# #.#
+......# #.# ### ##......#
#.#.#.# #....##.# #.#.#.#
#.##.##.# #.#.#.# #. #.##.#
#.#.#.#


You could see wazuzu's ghost.

Vanquished Creatures
  An orc wizard (D:3)
  A worker ant zombie (D:2)
  An adder (D:2)
  An ooze (D:1)
  A dart slug (D:1)
  2 leopard geckos (D:2)
  7 orcs
  3 giant cockroaches (D:1)
  8 goblins
  9 hobgoblins
  7 jackals
  A quokka (D:2)
  2 bats (D:2)
  3 frilled lizards
  10 kobolds
  5 rats
62 creatures vanquished.

Notes
Turn   | Place    | Note
-------+----------+-------------------------------------------
     0 | D:1      | KristoblXynda the Draconian Monk began the quest for the Orb.
     0 | D:1      | Reached XP level 1. HP: 19/19 MP: 1/1
   362 | D:1      | Reached XP level 2. HP: 20/26 MP: 2/2
   809 | D:1      | You fall through a shaft!
   814 | D:2      | Reached XP level 3. HP: 31/31 MP: 3/3
  1160 | D:2      | Reached skill level 4 in Unarmed Combat
  1175 | D:2      | Found an opulent altar of Gozag.
  1188 | D:2      | Became a worshipper of Gozag Ym Sagoz the Greedy
  1419 | D:2      | Reached XP level 4. HP: 38/38 MP: 4/4
  2174 | D:3      | Noticed wazuzu's ghost (amateur DsGl)
  2249 | D:3      | HP: 1/38 [wazuzu's ghost (6)]
  2256 | D:3      | Slain by wazuzu's ghost

Vault maps used:
D:1:      minmay_arrival_statue_studded
D:2:      grunt_gozag_breadcrumbs, guppyfry_early_orc_mine
D:3:      kennysheep_boxes

Skill      XL: |  1  2  3 |
---------------+----------+-----
Dodging        | 3 |  3.9
Unarmed Combat | 4 |  4.6
Fighting       | |  3.2
Stealth        | |  1.7

Action                   |  1- 3 |  4- 6 || total
-------------------------+-------+-------++-------
Melee: Unarmed           |   175 |    90 ||   265
       Tailslap          |    24 |    10 ||    34
       Punch             |     1 |     1 ||     2
  Use: Potion            |       |     2 ||     2
       Scroll            |       |     1 ||     1
 Stab: Sleeping          |     5 |       ||     5
  Eat: Chunk             |     1 |       ||     1
       Ration            |       |     1 ||     1
Armor: Skin              |    48 |    22 ||    70
Dodge: Dodged            |   122 |    47 ||   169

Table legend:
 A = Spawn XP
 B = Non-spawn XP
 C = Spawn XP percentage of total XP
 D = Spawn monster count
 E = Non-spawn monster count
 F = Spawn count percentage of total count
 G = Total turns spent on level
                    A         B        C        D         E        F      G
               +---------+---------+-------+---------+---------+-------+---------
         Total |       0 |     187 |   0.0 |       0 |      62 |   0.0 |  2256
               +---------+---------+-------+---------+---------+-------+---------
           D:1 |       0 |      41 |   0.0 |       0 |      21 |   0.0 |   898
           D:2 |       0 |      71 |   0.0 |       0 |      24 |   0.0 |   738
           D:3 |       0 |      75 |   0.0 |       0 |      17 |   0.0 |   620
               +---------+---------+-------+---------+---------+-------+---------
